 Dungeon Crawl Stone Soup version 0.31-a0-150-g89dc3ad700 (webtiles) character file.

Game seed: 1542768088371741262

1400 IdlyInterested the Trooper (level 8, -2/67 HPs)
             Began as a Demonspawn Gladiator on June 8, 2023.
             Splashed by a jelly's acid (10 damage)
             ... on level 6 of the Dungeon.
             The game lasted 00:15:00 (4290 turns).

IdlyInterested the Trooper (Demonspawn Gladiator)   Turns: 4290, Time: 00:15:01

Health: -2/67      AC: 15    Str: 17    XL:     8   Next: 41%
Magic:  8/8        EV:  6    Int: 10    God:
Gold:   265        SH:  8    Dex: 26    Spells: 7/7 levels left

rFire   . . .        a - +0 war axe
rCold   . . .        (no shield)
rNeg    . . .        h - +3 plate armour
rPois   .            c - +0 helmet
rElec   .            (no cloak)
rCorr   .            (no gloves)
SInv    .            (no boots)
Will    .....        m - amulet of magic regeneration Stlth
                     g - +6 ring of dexterity
HPRegen 0.31/turn    x - +6 ring of dexterity
MPRegen 0.51/turn

%: no passive effects
@: no status effects
A: large bone plates 3, spiny 2
a: no special abilities


You were on level 6 of the Dungeon.
You visited 1 branch of the dungeon, and saw 6 of its levels.

You collected 265 gold pieces.

Inventory:

Hand Weapons
 a - a +0 war axe (weapon)
 b - a +2 dagger of venom
 w - a +0 spear
 C - a +0 flail of draining
Missiles
 d - 3 throwing nets
 l - 31 stones (quivered)
 z - a javelin
Armour
 c - a +0 helmet (worn)
 e - a +0 helmet
 h - a +3 plate armour (worn)
 o - a +2 robe
 u - a +3 leather armour of poison resistance
Jewellery
 g - a +6 ring of dexterity (left hand)
 m - an amulet of magic regeneration (around neck)
 x - a +6 ring of dexterity (right hand)
Wands
 y - a wand of mindburst (13)
 A - a wand of flame (13)
Scrolls
 i - a scroll of magic mapping {unknown}
 j - a scroll of fear {unknown}
 k - a scroll of amnesia {unknown}
 n - 5 scrolls of teleportation
 p - a scroll of noise {unknown}
 r - a scroll of vulnerability {unknown}
 s - 2 scrolls of blinking
 v - a scroll of poison
 B - a scroll of silence
 D - a scroll of brand weapon
Potions
 f - 3 potions of curing
 q - 2 potions of brilliance
 t - a potion of mutation
 E - 2 potions of might {unknown}
 F - a potion of heal wounds {unknown}
 G - a potion of attraction {unknown}
 H - a potion of enlightenment {unknown}


   Skills:
 * Level 7.3 Fighting
 + Level 5.4 Axes
 - Level 1.7 Throwing
 - Level 4.0 Armour
 - Level 2.6 Dodging
 - Level 1.0 Stealth
 - Level 2.0 Shields
 + Level 1.0 Evocations


You had 7 spell levels left.
You didn't know any spells.
Your spell library was empty.

Dungeon Overview and Level Annotations

Branches:
Dungeon (6/15)
 Temple: D:4-7

Altars:
Trog

Shops:
D:1 [


Innate Abilities, Weirdness & Mutations

You are completely covered in large bone plates. (SH +8)
You are mostly covered in sharp spines.


Message History

Training target 2.0 for Shields reached!
Your Shields skill increases to level 2!
Unknown command.
n - 5 scrolls of teleportation (gained 1)
A jelly comes into view.
The jelly quivers.
A steam dragon comes into view.
Throw: 33 stones
Press: ? - help, Q - select action, (/) - cycle Shift-Dir - straight line, f - jelly
Aim: a jelly (91% to hit)
You throw a stone. The stone hits the jelly.
The jelly is lightly wounded.
You hear the slow hiss of an avalanche of sand nearby.
Throw: 32 stones
Press: ? - help, Q - select action, (/) - cycle Shift-Dir - straight line, f/p - jelly
Aim: a jelly (lightly wounded, 91% to hit)
You throw a stone.
The stone hits the jelly but does no damage.
The jelly is lightly wounded.
You feel better.
You hit the steam dragon but do no damage.
The steam dragon bites you.
The steam dragon claws you but does no damage.
You hit the steam dragon.
The steam dragon is lightly wounded.
You barely miss the jelly.
The steam dragon is struck by your spines.
The steam dragon bites you.
* * * LOW HITPOINT WARNING * * *
The steam dragon barely misses you. The jelly is struck by your spines.
The jelly hits you.
* * * LOW HITPOINT WARNING * * *
You are splashed with acid.
* * * LOW HITPOINT WARNING * * *
You block the steam dragon's attack. The steam dragon claws you.
* * * LOW HITPOINT WARNING * * *
The jelly hits you.
* * * LOW HITPOINT WARNING * * *
You are splashed with acid!
You die...

##### #...# #...#
#...# #...### ### ###
#.....###### D... ...
#...#.....†##### .....
#
#...######...@D#......
### #...#
#...#J....... ..#..
#...# ##..###......
..... #.†.# ##...
..... ..... ###.##
#..#. .... ..###
####..### #... # ...
..... #.......# ...#..
.. ###.
#.......###.#.##.. .
..... #.......#...#
..####


You could see a steam dragon and a jelly.

Vanquished Creatures
  Grinder (D:6)
  Eustachio (D:4)
  Edmund (D:4)
  A water moccasin (D:6)
  Duvessa (D:4)
  An ice beast (D:5)
  An ogre (D:5)
  Dowan (D:4)
  A sleepcap (D:5)
  An orc priest (D:6)
  Natasha (thrice) (D:4)
  An orc wizard (D:6)
  Jessica (D:2)
  4 iguanas
  Robin (D:2)
  3 gnolls (D:5)
  11 adders
  An ufetubus (D:5)
  2 dart slugs
  4 orcs
  3 ball pythons
  11 endoplasms
  2 giant cockroaches
  14 goblins
  4 hobgoblins
  3 jackals (D:1)
  6 quokkas
  8 bats
  2 frilled lizards
  2 kobolds (D:1)
  A rat (D:3)
97 creatures vanquished.

Notes
Turn   | Place    | Note
-------+----------+-------------------------------------------
     0 | D:1      | IdlyInterested the Demonspawn Gladiator began the quest for
                  | the Orb.
     0 | D:1      | Reached XP level 1. HP: 16/16 MP: 1/1
   159 | D:1      | Found a faded altar of an unknown god.
   222 | D:1      | Found Giopiokk's Antique Armour Emporium.
   228 | D:1      | Gained mutation: You are partially covered in large bone
                  | plates. (SH +4) [demonic ancestry]
   228 | D:1      | Reached XP level 2. HP: 23/23 MP: 2/2
   391 | D:1      | Reached skill level 1 in Armour
   702 | D:2      | Reached XP level 3. HP: 28/28 MP: 3/3
   869 | D:2      | Reached skill level 1 in Stealth
   977 | D:2      | Noticed Jessica
   986 | D:2      | Killed Jessica
   987 | D:2      | Reached skill level 3 in Fighting
  1243 | D:2      | Gained mutation: You are mostly covered in large bone
                  | plates. (SH +6) [demonic ancestry]
  1243 | D:2      | Reached XP level 4. HP: 33/35 MP: 4/4
  1250 | D:2      | Noticed Robin
  1269 | D:2      | Killed Robin
  2113 | D:3      | Reached skill level 1 in Evocations
  2116 | D:3      | Gained mutation: You are completely covered in large bone
                  | plates. (SH +8) [demonic ancestry]
  2116 | D:3      | Reached XP level 5. HP: 42/42 MP: 5/5
  2532 | D:4      | Noticed Natasha
  2554 | D:4      | Killed Natasha
  2555 | D:4      | Reached skill level 4 in Fighting
  2636 | D:4      | Noticed Eustachio
  2668 | D:4      | Killed Eustachio
  2669 | D:4      | Reached skill level 1 in Shields
  2669 | D:4      | Reached XP level 6. HP: 10/50 MP: 6/6
  2832 | D:4      | Noticed Edmund
  2841 | D:4      | Killed Edmund
  2842 | D:4      | Reached skill level 5 in Fighting
  2867 | D:4      | Noticed Natasha
  2881 | D:4      | Killed Natasha
  3067 | D:4      | Noticed Natasha
  3081 | D:4      | Killed Natasha
  3126 | D:4      | Noticed Dowan
  3126 | D:4      | Noticed Duvessa
  3168 | D:4      | Killed Duvessa
  3169 | D:4      | Gained mutation: You are partially covered in sharp spines.
                  | [demonic ancestry]
  3169 | D:4      | Reached XP level 7. HP: 34/56 MP: 7/7
  3174 | D:4      | Killed Dowan
  3432 | D:5      | Entered Level 5 of the Dungeon
  3524 | D:5      | Reached skill level 6 in Fighting
  4062 | D:5      | Reached skill level 5 in Axes
  4062 | D:5      | Gained mutation: You are mostly covered in sharp spines.
                  | [demonic ancestry]
  4062 | D:5      | Reached XP level 8. HP: 57/65 MP: 8/8
  4091 | D:5      | You fall into a shaft and drop 1 floor!
  4204 | D:6      | Found a bloodstained altar of Trog.
  4229 | D:6      | Noticed Grinder
  4238 | D:6      | Killed Grinder
  4239 | D:6      | Reached skill level 7 in Fighting
  4290 | D:6      | Splashed by a jelly's acid

Illustrated notes

Levels and vault maps discovered:
D:1:      elethiomel_arrival_shortcut, layout_basic,
          shapermc_ecumenical_altar_totnotflames, serial_shops,
          nicolae_shop_competitors_out_of_business, patterned_corridor
D:2:      layout_rooms, mrwooster_statue_mirror, kennysheep_generic_room_15,
          uniq_robin, uniq_jessica
D:3:      layout_basic, nicolae_concentric_dashed_squares_mild,
          dreamdust_wishing_well
D:4:      layout_cave_pools, chequers_avenue, uniq_natasha, uniq_edmund,
          uniq_eustachio, uniq_duvessa
D:5:      layout_loops_ring, minmay_misc_feat_room, skrybe_limestone_x,
          amethyst_killhole, reono_crystal_passage
D:6:      kennysheep_kobold_camp, layout_rooms, minitemple,
          nicolae_ossuary_entry_giza, serial_shops, kennysheep_mini_moat,
          uniq_grinder

Skill      XL: |  1  2  3  4  5  6  7  8 |
---------------+-------------------------+-----
Armour         | 1 2 3 4 |  4.0
Axes           | 3 4 5 |  5.4
Stealth        | 1 |  1.0
Fighting       | 3 4 5 6 7 |  7.3
Evocations     | 1 |  1.0
Shields        | 1 2 |  2.0
Throwing       | |  1.7
Dodging        | |  2.6

Action                     |  1- 3 |  4- 6 |  7- 9 || total
---------------------------+-------+-------+-------++-------
  Melee: War axe           |    84 |   187 |    85 ||   356
         Punch             |     3 |     2 |     2 ||     7
  Throw: Stone             |       |     4 |     5 ||     9
         Javelin           |       |     2 |       ||     2
  Evoke: Wand              |       |     5 |     1 ||     6
    Use: Potion            |     2 |     4 |     3 ||     9
         Scroll            |     1 |     5 |     2 ||     8
 Armour: Leather armour    |     5 |       |       ||     5
         Ring mail         |    14 |       |       ||    14
         Plate armour      |    21 |   168 |    36 ||   225
  Dodge: Dodged            |    59 |    54 |    16 ||   129
  Block: Other             |    10 |    82 |    34 ||   126

Table legend: (Time is in decaauts)
 A = Elapsed time spent in this place.
 B = Non-inter-level travel time spent in this place.
 C = Inter-level travel time spent in this place.
 D = Time resting spent in this place.
 E = Time spent auto-exploring this place.
 F = Levels seen in this place.
 G = Mean time per level.
                   A        B        C        D        E       F      G
               +--------+--------+--------+--------+--------+-----+--------+
         Total |   4433 |   3993 |    440 |    738 |   1998 |   6 |  738.8 |
       Dungeon |   4433 |   3993 |    440 |    738 |   1998 |   6 |  738.8 |
               +--------+--------+--------+--------+--------+-----+--------+

Top non-repeatable levels by time:
     D:4: 1046 daAuts
     D:3: 958 daAuts
     D:1: 818 daAuts
     D:2: 761 daAuts
     D:5: 642 daAuts
     D:6: 205 daAuts
